 Dungeon Crawl Stone Soup version 0.27-a0-765-ge4d627daa3 (webtiles) character file.

Game seed: 668420407146013934

38 rageheart7 the Skirmisher (level 3, 0/24 HPs)
             Began as a Tengu Abyssal Knight on Mar 25, 2021.
             Was a Follower of Lugonu.
             Slain by a hobgoblin (5 damage)
             ... on level 2 of the Dungeon.
             The game lasted 00:01:31 (1712 turns).

rageheart7 the Skirmisher (Tengu Abyssal Knight)    Turns: 1712, Time: 00:01:32

Health: 0/24       AC:  3    Str: 13    XL:     3   Next: 43%
Magic:  5/5        EV: 11    Int: 12    God:    Lugonu [*.....]
Gold:   88         SH:  0    Dex: 13    Spells: 2/2 levels left

rFire    . . .     SeeInvis .   a - +1 falchion
rCold    . . .     Faith    .   (no shield)
rNeg     . . .     Spirit   .   b - +0 leather armour
rPois    .         Reflect  .   (helmet restricted)
rElec    .         Harm     .   (no cloak)
rCorr    .         Rampage  .   (no gloves)
Will     .....                  (boots unavailable)
Stlth    +.........             (no amulet)
HPRegen  0.08/turn              (no ring)
MPRegen  0.09/turn              (no ring)

@: no status effects
A: beak, talons 3
a: Renounce Religion, Depart the Abyss


You were on level 2 of the Dungeon.
You worshipped Lugonu.
Lugonu was aware of your devotion.
You visited 1 branch of the dungeon, and saw 2 of its levels.
You visited the Abyss 1 time.

You collected 88 gold pieces.

Inventory:

Hand Weapons
 a - a +1 falchion (weapon)
Armour
 b - a +0 leather armour (worn)
Scrolls
 c - a scroll of magic mapping {unknown}


   Skills:
 * Level 4.1 Fighting
 * Level 2.8 Long Blades
 - Level 2.1 Armour
 - Level 1.1 Dodging
 - Level 1.5 Invocations


You had 2 spell levels left.
You didn't know any spells.
Your spell library contained the following spells:

 Spells                   Type           Power      Damage    Failure   Level
 Confusing Touch          Hex            0%         N/A       77%         3
 Gell's Gravitas          Tloc           0%         N/A       77%         3
 Petrify                  Tmut/Erth      0%         N/A       99%         4
 Metabolic Englaciation   Hex/Ice        0%         N/A       100%        5
 Yara's Violent Unravell  Hex/Tmut       0%         3d3       100%        5


Dungeon Overview and Level Annotations

Branches:
Dungeon (2/15)

Altars:


Innate Abilities, Weirdness & Mutations

You have a beak for a mouth.
You have claws for feet.


Message History

The adder bites you but does no damage. The adder barely misses you.
You riposte.
You barely miss the adder. You claw the adder.
You kill the adder!
Lugonu accepts your kill.
Your Fighting skill increases to level 4!
You swing at nothing.
You hit the hobgoblin.
You kill the hobgoblin!
Lugonu accepts your kill.
You swing at nothing.
You start resting.
A hobgoblin comes into view.
You swing at nothing.
The hobgoblin shouts!
You swing at nothing.
You swing at nothing.
You swing at nothing.
You barely miss the hobgoblin. The hobgoblin closely misses you.
You hit the hobgoblin.
The hobgoblin is heavily wounded.
The hobgoblin barely misses you.
You hit the hobgoblin but do no damage. Your kick misses the hobgoblin.
The hobgoblin is heavily wounded.
The hobgoblin barely misses you.
You barely miss the hobgoblin. You claw the hobgoblin.
Your peck misses the hobgoblin.
The hobgoblin is almost dead.
The hobgoblin closely misses you.
You barely miss the hobgoblin.
The hobgoblin is almost dead.
The hobgoblin hits you.
You barely miss the hobgoblin. Your kick misses the hobgoblin.
Your peck misses the hobgoblin.
The hobgoblin is almost dead.
The hobgoblin hits you. x2
* * * LOW HITPOINT WARNING * * *
You hit the hobgoblin but do no damage.
The hobgoblin is almost dead.
The hobgoblin hits you.
You die...

...######
###########
#......#
#.........#
###.#####.........#
#.....g@..<.......#
#.#######.........#
#.......#
#.........#
...###.g#
##...#...## ##..
#.....[...## #..
#..>........# ....
#...........[# .g##
.............# .#.
###.........##


You could see a hobgoblin.

Vanquished Creatures
  An adder (D:2)
  3 ball pythons (D:1)
  2 endoplasms (D:1)
  A giant cockroach (D:1)
  2 hobgoblins
  5 jackals (D:1)
  A quokka (D:1)
  3 bats (D:1)
  2 goblins
  3 kobolds (D:1)
  4 rats (D:1)
27 creatures vanquished.

Notes
Turn   | Place    | Note
-------+----------+-------------------------------------------
     0 | Abyss:1  | rageheart7 the Tengu Abyssal Knight began the quest for the
                  | Orb.
     0 | Abyss:1  | Reached XP level 1. HP: 14/14 MP: 3/3
    18 | Abyss:1  | Found a corrupted altar of Lugonu.
   100 | Abyss:1  | Found a burning altar of Makhleb.
   140 | Abyss:1  | Noticed an orange demon
   146 | D:1      | Escaped the Abyss
   296 | D:1      | Reached * piety under Lugonu
   741 | D:1      | Reached XP level 2. HP: 19/19 MP: 4/4
  1054 | D:1      | Reached XP level 3. HP: 23/24 MP: 5/5
  1570 | D:2      | Reached skill level 4 in Fighting
  1712 | D:2      | Slain by a hobgoblin

Illustrated notes

Levels and vault maps discovered:
D:1:      minmay_arrival_floating_metal, layout_loops_corners,
          minmay_box_of_dots
D:2:      layout_rooms, gammafunk_temple_overflow_pools,
          overflow_temple_1_default, serial_shops, shop,
          chequers_ecumenical_altar_grove, minmay_bisected

Skill      XL: |  1  2  3 |
---------------+----------+-----
Fighting       | 4 |  4.1
Long Blades    | |  2.8
Armour         | |  2.1
Dodging        | |  1.1
Invocations    | |  1.5

Action                   || total
-------------------------++-------
Melee: Falchion          ||    55
       Kick              ||    11
       Peck              ||     6
Invok: Depart the Abyss  ||     1
Armor: Leather armour    ||    12
Dodge: Dodged            ||    40
       Rpst.: Falchion   ||    10

Table legend: (Time is in decaauts)
 A = Elapsed time spent in this place.
 B = Non-inter-level travel time spent in this place.
 C = Inter-level travel time spent in this place.
 D = Time resting spent in this place.
 E = Time spent auto-exploring this place.
 F = Levels seen in this place.
 G = Mean time per level.
                   A        B        C        D        E       F      G
               +--------+--------+--------+--------+--------+-----+--------+
         Total |   1735 |   1686 |     49 |    355 |   1182 |   3 |  578.3 |
       Dungeon |   1589 |   1540 |     49 |    355 |   1042 |   2 |  794.5 |
         Abyss |    146 |    146 |      0 |      0 |    140 |   1 |  146.0 |
               +--------+--------+--------+--------+--------+-----+--------+

Top non-repeatable levels by time:
     D:1: 1400 daAuts
     D:2: 189 daAuts
 Abyss:1: 146 daAuts
